Cogmind - Beta 16 @@@ ROGUE MODE // 2025.12.26 @ 14:08:10 Player: Skergy Result: Self-destructed Performance ------------- Evolutions (4) 2000 Regions Visited (4) 800 Robots Destroyed (3) 15 Value Destroyed (98) 98 Prototype IDs (8) 160 Alien Tech Used (0) 0 Bonus (800) 800 TOTAL SCORE: 3873 Bonus ------- Registered with UFD 300 Met Optimus in HQ 500 Cogmind --------- Core Integrity 801/850 Matter 210/300 Energy 221/250 System Corruption 0% Temperature Cool (9) Movement Treading (155) Location -6/Factory Parts ------- > --- POWER (2) -------- Ion Engine > --- PROPULSION (4) --- Light Treads Light Treads Advanced Treads Aluminum Leg > --- UTILITY (7) ------ Scrap Suit Medium Storage Unit Enhanced Optical Array Signal Interpreter Authchip [R/Combat] > --- WEAPON (2) ------- Plasma Rifle > --- INVENTORY (10) --- Aluminum Leg Medium Laser Faulty Advanced EMP Blaster Missile Launcher DRS Beacon (Ready) Peak State ------------ > --- POWER ------------ Ion Engine > --- PROPULSION ------- Light Treads Light Treads Advanced Treads Aluminum Leg > --- UTILITY ---------- Scrap Suit Medium Storage Unit Enhanced Optical Array Signal Interpreter Kinecellerator Authchip [R/Combat] > --- WEAPON ----------- Plasma Rifle Advanced EMP Blaster > --- INVENTORY -------- Aluminum Leg Medium Laser Missile Launcher DRS Beacon [Rating: 40] Favorites ----------- Power Ion Engine Engine Ion Engine Propulsion Light Treads Treads Light Treads Leg Aluminum Leg Utility Medium Storage Unit Device Kinecellerator Storage Medium Storage Unit Processor Signal Interpreter Hackware Authchip [R/Combat] Weapon EM Pulse Gun Energy Gun EM Pulse Gun Ballistic Gun Assault Rifle Launcher Advanced EMP Blaster Build | -11 -10 -10 -9 -6 ------- Run | Yrd Mat Sub Scr Fac Slots Evolved 8 | . . . . 8 Power 1 | . . . . 1 Propulsion 2 | . . . . 2 Utility 5 | . . . . 5 Weapon . | . . . . . Parts Attached 17 | 6 1 . 4 6 Power 2 | 1 1 . . . Engine 2 | 1 1 . . . Core . | . . . . . Reactor . | . . . . . Propulsion 4 | 2 . . 1 1 Treads 3 | 2 . . 1 . Leg 1 | . . . . 1 Wheel . | . . . . . Hover . | . . . . . Flight . | . . . . . Utility 7 | 1 . . 2 4 Device 2 | . . . . 2 Storage 2 | 1 . . 1 . Processor 2 | . . . 1 1 Hackware 1 | . . . . 1 Protection . | . . . . . Artifact . | . . . . . Weapon 4 | 2 . . 1 1 Energy Gun 2 | 1 . . 1 . Energy Cannon . | . . . . . Ballistic Gun 1 | 1 . . . . Ballistic Cannon . | . . . . . Launcher 1 | . . . . 1 Special Weapon . | . . . . . Impact Weapon . | . . . . . Slashing Weapon . | . . . . . Piercing Weapon . | . . . . . Special Melee Weapon . | . . . . . Unidentified Prototypes 1 | . . . . 1 Parts Lost 2 | . . . . 2 Power . | . . . . . Propulsion . | . . . . . Utility 1 | . . . . 1 Weapon 1 | . . . . 1 Highest Loss Streak 1 | . . . . 1 To Critical Strikes . | . . . . . Average Backups 6 | 2 5 7 7 3 Power . | . 1 . . . Propulsion 3 | 1 3 5 3 1 Utility 1 | . . . 2 . Weapon 1 | . 1 1 1 2 Tool/Special . | . . . . . Unused Backups 8 | . . 2 3 3 Power 1 | . . 1 . . Propulsion 5 | . . 1 3 1 Utility . | . . . . . Weapon 2 | . . . . 2 Tool/Special . | . . . . . Average Slot Usage (%) 84 | . 85 85 86 73 Engine 13 | . 14 14 14 6 Treads 27 | . 28 28 28 19 Device 1 | . . . . 11 Storage 13 | . 14 14 14 6 Processor 1 | . . . 1 7 Energy Gun 19 | . 14 14 21 9 Ballistic Gun 7 | . 14 14 5 . Peak Build Rating 40 | 6 6 7 15 40 Average Rating 11 | 4 6 6 10 30 On Entrance 6 | . 6 6 7 15 Avg Prop Armor Cover (%) 4 | . . . . 4 Naked Turns . | . . . . . Heaviest Build 29 | 12 14 14 21 29 Greatest Support 62 | 40 40 40 42 62 Greatest Overweight (x) 3 | 3 . . . . Average Overweight (x) . | . . . . . Largest Inventory Capacity 10 | 8 8 8 10 10 Average Capacity 9 | 7 8 8 9 10 Most Carried 10 | 4 8 8 10 9 Average Carried 7 | 2 5 7 8 4 Final Capacity 10 | 8 8 8 10 10 Final Carried 9 | 4 8 8 9 5 Scrap Suit Usage (%) 8 | . . . . 89 Class Distribution -------------------- 100% | Mutant Dominant Class ---------------- Mutant | -10/Materials Mutant | -10/Subcaves Mutant | -9/Scraptown Mutant | -6/Factory Resources | -11 -10 -10 -9 -6 ----------- Run | Yrd Mat Sub Scr Fac Matter Collected 295 | 253 10 22 10 . Remotely . | . . . . . Salvage Created 134 | . 18 42 . 74 Parts 4 | . 2 2 . . Haulers Intercepted . | . . . . . Recyclers Shooed . | . . . . . Parts Field Recycled . | . . . . . Retrieved Matter . | . . . . . Parts Self-Destructed 12 | . . 12 . . Prevented . | . . . . . Parts Restored . | . . . . . Kills | -11 -10 -10 -9 -6 ------- Run | Yrd Mat Sub Scr Fac Combat Hostiles Destroyed 3 | . 1 1 . 1 Guns 2 | . 1 1 . . Classes Destroyed 3 | . 1 1 . 1 Swarmer 1 | . 1 . . . Grunt 1 | . . 1 . . Sentry 1 | . . . . 1 Best Kill Streak 1 | . 1 1 . 1 Combat Bots Only 1 | . 1 1 . 1 Max Kills in Single Turn 1 | . 1 1 . 1 Gunslinging . | . . . . . Exploded . | . . . . . Melee . | . . . . . Uniques/NPCs Destroyed . | . . . . . Combat | -11 -10 -10 -9 -6 -------- Run | Yrd Mat Sub Scr Fac Hostile Shots Fired 123 | . . 4 . 119 Missed 47 | . . 2 . 45 Hits 76 | . . 2 . 74 Projectile 76 | . . 2 . 74 Critical Strikes 1 | . . . . 1 Damage Taken 592 | . 10 27 . 555 Core 49 | . . . . 49 Absorbed by Shields . | . . . . . Core Remaining (%) 100 | 100 . . 100 . Volleys Fired 12 | . 3 2 . 7 Largest 2 | . 2 2 . 1 Hottest 75 | . 60 60 . 75 Shots Fired 17 | . 6 4 . 7 Gun 17 | . 6 4 . 7 Cannon . | . . . . . Launcher . | . . . . . Special . | . . . . . Kinetic 5 | . 3 2 . . Thermal 7 | . . . . 7 Explosive . | . . . . . Electromagnetic 5 | . 3 2 . . Robot Hit Streak 7 | . 2 2 . 7 Robot Miss Streak 2 | . 1 2 . 1 Penetration Max . | . . . . . Secondary Targets 1 | . . 1 . . Max Gunslinging Chain 1 | . . 1 . . Shots Hit Robots 12 | . 4 2 . 6 Core Hits 4 | . 2 1 . 1 Critical Kills . | . . . . . Critical Parts Destroyed . | . . . . . Critical Strikes 1 | . . . . 1 Burn 1 | . . . . 1 Melee Attacks . | . . . . . Impact . | . . . . . Slashing . | . . . . . Piercing . | . . . . . Sneak Attacks . | . . . . . Combat Hostiles . | . . . . . Follow-up Attacks . | . . . . . Damage Inflicted 212 | . 50 30 . 132 Guns 212 | . 50 30 . 132 Cannons . | . . . . . Explosions . | . . . . . Melee . | . . . . . Ramming . | . . . . . Kinetic 54 | . 39 15 . . Thermal 132 | . . . . 132 Explosive . | . . . . . Electromagnetic 26 | . 11 15 . . Impact . | . . . . . Slashing . | . . . . . Piercing . | . . . . . Highest Corruption . | . . . . . Average Corruption . | . . . . . Corruption Purged . | . . . . . Corruption Blocked . | . . . . . Overload Shots . | . . . . . Overflow Damage . | . . . . . Projectiles . | . . . . . Explosions . | . . . . . Melee . | . . . . . Knockbacks . | . . . . . Impact . | . . . . . Kinetic . | . . . . . Secondary . | . . . . . Self-Inflicted Damage . | . . . . . Shots . | . . . . . Rammed . | . . . . . Targets Rammed . | . . . . . Kicked . | . . . . . Crushed . | . . . . . Highest Temperature 146 | . 6 . . 146 Average Temperature 62 | . 6 . . 71 Received Heat Transfer 183 | . 6 9 . 168 Siege Activations . | . . . . . Martial Activations . | . . . . . Shielding Activations . | . . . . . Robots Disrupted . | . . . . . Combat Hostiles . | . . . . . Robots Corrupted . | . . . . . Combat Hostiles . | . . . . . Parts Fried . | . . . . . Impact Corruptions . | . . . . . Robots Melted 1 | . . . . 1 Combat Hostiles 1 | . . . . 1 Parts Melted 4 | . . . . 4 Heat Transferred 400 | . . . . 400 Parts Sabotaged . | . . . . . Parts Stolen . | . . . . . Parts Stripped . | . . . . . Power Chain Reactions . | . . . . . Alert | -11 -10 -10 -9 -6 ------- Run | Yrd Mat Sub Scr Fac Maximum Alert Level . | . . . . . Low Security (%) 100 | 100 100 . . 100 Level 1 . | . . . . . Level 2 . | . . . . . Level 3 . | . . . . . Level 4 . | . . . . . Level 5 . | . . . . . High Security . | . . . . . Max Security . | . . . . . Peak Influence 45 | . 24 . . 45 Initial . | . . . . . Average 3 | . 2 . . 4 Influence Increases 99 | . 34 20 . 45 Destroy 0b10 Robot/C 60 | . 20 20 . 20 Destroy Leader 10 | . . . . 10 Successful Hack 14 | . 14 . . . Lose Combat Pursuer 15 | . . . . 15 Influence Decreases 84 | . 34 20 . 30 Time Decay 74 | . 34 20 . 20 Lost Part 10 | . . . . 10 Squads Dispatched 1 | . 1 . . . Investigation . | . . . . . Extermination . | . . . . . Reinforcement 1 | . 1 . . . Assault . | . . . . . Garrison . | . . . . . Intercept . | . . . . . Searches Triggered . | . . . . . Construction Impeded . | . . . . . Haulers Reinforced . | . . . . . Active Scanning Responses . | . . . . . Cargo Convoy Interrupts . | . . . . . Stealth | -11 -10 -10 -9 -6 --------- Run | Yrd Mat Sub Scr Fac Distress Signals . | . . . . . Communications Jammed . | . . . . . Distress Signals . | . . . . . Times Spotted 14 | . 6 3 . 5 Peak Tracking Total 5 | . 5 2 . 3 Tactical Retreats 1 | . . . . 1 Traps | -11 -10 -10 -9 -6 ------- Run | Yrd Mat Sub Scr Fac Traps Triggered . | . . . . . Indirectly . | . . . . . Trap Hack Attempts . | . . . . . Triggered . | . . . . . Disarmed . | . . . . . Reprogrammed . | . . . . . Reused . | . . . . . Traps Extracted . | . . . . . Installed . | . . . . . Triggered . | . . . . . Machines | -11 -10 -10 -9 -6 ---------- Run | Yrd Mat Sub Scr Fac Machines Disabled . | . . . . . Max in Single Turn . | . . . . . Machines Repaired . | . . . . . Machines Dismantled . | . . . . . Machines Sabotaged . | . . . . . Overloaded Fab Kills . | . . . . . Hacking | -11 -10 -10 -9 -6 --------- Run | Yrd Mat Sub Scr Fac Machines Accessed 6 | . 2 . 3 1 Terminals 2 | . 2 . . . Fabricators 1 | . . . . 1 Repair Stations . | . . . . . Recycling Units . | . . . . . Scanalyzers . | . . . . . Garrison Access . | . . . . . Total Hacks 16 | . 6 . 7 3 Successful 11 | . 3 . 7 1 Failed 5 | . 3 . . 2 Catastrophic 1 | . 1 . . . Database Lockouts . | . . . . . Manual 6 | . 6 . . . Terminals 6 | . 6 . . . Fabricators 3 | . . . . 3 Repair Stations . | . . . . . Recycling Units . | . . . . . Scanalyzers . | . . . . . Garrison Access . | . . . . . Terminal Hacks 8 | . 1 . 7 . Record 6 | . . . 6 . Hauler Manifests 1 | . 1 . . . Proto ID Catalog 1 | . . . 1 . Fabricator Hacks 1 | . . . . 1 Network Status 1 | . . . . 1 Repair Station Hacks . | . . . . . Recycling Unit Hacks . | . . . . . Scanalyzer . | . . . . . Garrison Access Hacks . | . . . . . Unauthorized Hacks 2 | . 2 . . . Terminals 2 | . 2 . . . Botnet 2 | . 2 . . . Fabricators . | . . . . . Repair Stations . | . . . . . Recycling Units . | . . . . . Scanalyzers . | . . . . . Garrison Access . | . . . . . Data Cores Recovered . | . . . . . Used . | . . . . . Hacking Detections 3 | . 2 . . 1 Full Trace Events 1 | . 1 . . . Feedback Events . | . . . . . Feedback Blocked . | . . . . . Robot Schematics Acquired . | . . . . . Robots Built . | . . . . . Authchips . | . . . . . Time . | . . . . . Total Robot Build Rating . | . . . . . Part Schematics Acquired . | . . . . . Parts Built . | . . . . . Authchips . | . . . . . Time . | . . . . . Total Part Build Rating . | . . . . . Part Studies Acquired . | . . . . . Parts Repaired . | . . . . . Time . | . . . . . Parts Recycled . | . . . . . Recycled Matter . | . . . . . Retrieved Matter . | . . . . . Retrieved Components . | . . . . . Parts Scanalyzed . | . . . . . Part Schematics Acquired . | . . . . . Parts Damaged . | . . . . . Bothacking | -11 -10 -10 -9 -6 ------------ Run | Yrd Mat Sub Scr Fac Used RIF Installer . | . . . . . Robots Hacked . | . . . . . Non-combat . | . . . . . Combat . | . . . . . Robot Hacks Applied . | . . . . . Relay Couplers Released . | . . . . . Fabnet Peak Effective % . | . . . . . Robots Rewired . | . . . . . Allies Hacked . | . . . . . Hacks Repelled . | . . . . . Allies | -11 -10 -10 -9 -6 -------- Run | Yrd Mat Sub Scr Fac Total Allies . | . . . . . Largest Group . | . . . . . Highest-Rated Group . | . . . . . Highest-Rated Ally . | . . . . . Total Orders . | . . . . . Ally Attacks . | . . . . . Total Damage . | . . . . . Kills . | . . . . . Allies Corrupted . | . . . . . Allies Melted . | . . . . . Intel | -11 -10 -10 -9 -6 ------- Run | Yrd Mat Sub Scr Fac Active Infowar (turns) 59 | . . . . 59 Optics 59 | . . . . 59 Robot Analysis Total . | . . . . . Derelict Logs Recovered 1 | . . . 1 . Drone Launches . | . . . . . Drone Recoveries . | . . . . . Exploration | -11 -10 -10 -9 -6 ------------- Run | Yrd Mat Sub Scr Fac Turns Passed 2917 | 75 238 351 1982 271 Spaces Moved 1820 | 40 138 214 1268 160 Core 10 | 10 . . . . Treads 1810 | 30 138 214 1268 160 Legs . | . . . . . Wheels . | . . . . . Hover . | . . . . . Flight . | . . . . . Fastest Speed 50 | 50 160 160 152 152 Average Speed 156 | 155 160 160 155 154 Slowest Speed 200 | 200 160 160 160 155 Overloaded Moves . | . . . . . Propulsion Burnouts . | . . . . . Robots Hopped . | . . . . . Potential Cave-ins . | . . . . . Cave-ins Triggered . | . . . . . Exploration Rate (%) 30 | 3 33 23 84 8 Regions Visited 4 Branch Regions 2 Pre-discovered Areas 1 | . . . 1 . Known Exits Taken 1 | . . . 1 . Unknown Exits Taken 3 | 1 1 1 . . Scrap Searched 4 | . . . 4 . Spaces Dug . | . . . . . Terrain Destroyed . | . . . . . Melee . | . . . . . Projectile . | . . . . . AOE . | . . . . . Terrain Rammed . | . . . . . Walls Destroyed . | . . . . . Machines Disabled . | . . . . . Actions | -11 -10 -10 -9 -6 --------- Run | Yrd Mat Sub Scr Fac Total 1879 | 50 150 220 1284 175 Wait 7 | 1 4 2 . . Move 1816 | 39 137 213 1267 160 Hop . | . . . . . Pick Up 14 | 4 4 1 5 . Fast Attach 12 | 6 . . 3 3 Attach 5 | . . . 1 4 Detach 4 | . . . 3 1 Swap 1 | . 1 . . . Drop 8 | . 1 2 5 . Fire 12 | . 3 2 . 7 Melee . | . . . . . Ram . | . . . . . Kick . | . . . . . Crush . | . . . . . Escape Stasis . | . . . . . Rewire . | . . . . . Trap . | . . . . . Miscellaneous . | . . . . . Route ------- -11/Scrapyard -10/Materials (discovered 2 exits: [*Min] / [*Sub]) -10/Subcaves -9/Scraptown (discovered 2 exits: *Fac x2) -6/Factory History --------- Turn | Location | Event 13 | -11/Scrapyard | Discovered new exit (range 15) 76 | -11/Scrapyard | Entered Materials 77 | -10/Materials | Met a group of wandering Federalists 225 | -10/Materials | Discovered new exit (range 14) 301 | -10/Materials | Discovered new exit (range 9) 303 | -10/Materials | Build established: Mutant 314 | -10/Materials | Entered Subcaves 315 | -10/Subcaves | Continued accompanying wandering Federalists (3) 315 | -10/Subcaves | Approached by a straggling Scientist 646 | -10/Subcaves | Shifting Twisted Machinery released Hvy. Riot Gun 665 | -10/Subcaves | Entered Scraptown 872 | -9/Scraptown | Heard Great Nut preacher, LISTEN AND RECITE! 990 | -9/Scraptown | Discovered new exit (range 11) 1080 | -9/Scraptown | Scanned Subdweller tech in exchange for log data 1085 | -9/Scraptown | Learned location of 1 exit from Lower Caves 1173 | -9/Scraptown | Visited UFD Registry 1173 | -9/Scraptown | Registered with UFD as "Wrenchpod" 1186 | -9/Scraptown | Visited Fellowship of the Rings 1224 | -9/Scraptown | Visited The Evicted 1245 | -9/Scraptown | Visited IN-MT5's Study 1296 | -9/Scraptown | Visited Comm Corps 1373 | -9/Scraptown | Visited Awakened 1384 | -9/Scraptown | Visited Cave Peace 1412 | -9/Scraptown | Visited CPS Storage 1594 | -9/Scraptown | Visited Chapter 10 1697 | -9/Scraptown | Delivered Scrap Shield to a Scientist 1752 | -9/Scraptown | Visited Junk Repository 1792 | -9/Scraptown | Visited Science Guys 1889 | -9/Scraptown | Visited Observation Area 1957 | -9/Scraptown | Visited Curators Association 2015 | -9/Scraptown | Visited Junk Repository 2059 | -9/Scraptown | Visited Abandonware Association 2079 | -9/Scraptown | Learned abandonware demo "ERRANTS.EXE" 2079 | -9/Scraptown | Learned abandonware demo "REVENGE.EXE" 2114 | -9/Scraptown | Visited Scrap Suit Storage 2121 | -9/Scraptown | Found Scrap Suit 2171 | -9/Scraptown | Visited Derelict Rescue Squad 2182 | -9/Scraptown | Found DRS Beacon 2292 | -9/Scraptown | Visited Cartography Club 2558 | -9/Scraptown | Met Optimus 2558 | -9/Scraptown | Accepted into 0bPrime 2638 | -9/Scraptown | Discovered new exit (range 5) 2646 | -9/Scraptown | Identified exit to Factory 2647 | -9/Scraptown | Entered Factory 2647 | -6/Factory | Evolved 8 slots: Power x1, Propulsion x2, Utility x5 2918 | -6/Factory | Self-destructed Last Messages --------------- 02783_ EM Pulse Gun destroyed. 02859_ Acquired Enh. Optical Array. 02860_ ALERT: Security rotation in progress. 02881_ Y-54 Guardian heat damages Flak Gun. 02883_ Y-54 Guardian heat damages Imp. Heat Sink. 02883_ Y-54 Guardian suffers critical hit (Burn). 02884_ Y-54 Guardian heat spikes uncontrollably. 02884_ Y-54 Guardian critical meltdown. 02884_ Gatling Laser melted. 02884_ Imp. Deuterium Engine melted. 02884_ Lgt. Treads melted. 02884_ Imp. Heat Sink melted. 02910_ Acquired Prototype Launcher. 02910_ Identified Adv. EMP Blaster. 02910_ Faulty integration damages Adv. Treads (-9). 02917_ Critical hit (Burn: +37). 02918_ Kinecellerator destroyed. Map ----- +----------------------------------------------------+ | ?????????????????????????????????????????????????? | | ?????????????????????????????????????????????????? | | ?????????????????????????????????????????????????? | | ?????????????????????????????????????????????????? | | ??????????????????????? ####?????????????????????? | | ?????????????????????? ?????????????????????? | | ?????????????????????? ?????????????????????? | | ?????????????????????# ?????????????????????? | | ?????????????????????+ ?????????????????????? | | ?????????????????????# ?????????????????????? | | ?????????????????????# #?????????????????????? | | ?????????????????????# #?????????????????????? | | ?????????????????????# #?????????????????????? | | ?????????????????????# #?????????????????????? | | ?????????????????????# #?????????????????????? | | ?????????????????????# +?????????????????????? | | ?????????????????????# #?????????????????????? | | ?????????????????????#A #?????????????????????? | | ????????????????????## ##????????????????????? | | ??????????###+#?????# ############## ????? | | ??????????# ##### t g ????? | | ??????????? " g g ???? | | ?????????????? "T ????? | | ????????????????? ?????????? | | ????????????????????# ???????????????? | | ????????????????????# @ #????????????????????? | | ????????????????????#### ####????????????????????? | | ?????????????????#######+##??????????????????????? | | ?????????????????# #??????????????????????? | | ?????????????????# """ #??????????????????????? | | ?????????????????# """ #??????????????????????? | | ?????????????????# """ ###############????????? | | ?????????????????# ## #????????? | | ?????????????????# """ ## """ """ #????????? | | ?????????????????# """ ## """ """ #????????? | | ?????????????????# """ ## """ """ #????????? | | ?????????# ????# ## #????????? | | ?????????# ##+######## """ """ #????????? | | ?????????# ### """ """ #????????? | | ?????????+ % + """ """ #????????? | | ?????????# ### #????????? | | ?????????# ##### #?# #????????? | | ?????????# ! ????# #?# #????????? | | ?????????## ????# ## #????????? | | ??????????# ????# ########+##########????? | | ????????? ?????# " #????? | | ??????? ??????# ###### #????? | | ????? ??????# #????# #????? | | ???? ???????### ###????# #????? | | ???# ??????????#+#??????# #????? | +----------------------------------------------------+ Best States ------------- Heat Dissipation 37 Energy Generation 10 Energy Capacity 250 Matter Stores 300 Matter Capacity 300 Sight Range 22 Terrain Scan Density 10 Evasion (%) 40 Recoil Reduction 3 Kinecelleration 30 Authchip Count 1 Item Schematics ----------------- None Robot Schematics ------------------ None Fabricated ------------ Nothing Repaired ---------- Nothing Studied --------- None Alien Tech Used ----------------- None Achievements -------------- Strength In Numbers Challenges ------------ None Game ------ Seed TimingDecoderPurifier Manual? 0 Play Time 00:21:36 Cumulative 89.3 hours Start 2025.12.26 @ 13:49:07 End 2025.12.26 @ 14:08:10 Sessions 1 Manual Loads 0 Difficulty Rogue Special Mode None Game No. 102 Rogue 102 Adventurer 0 Explorer 0 Win Type - Total 3 Types 3/0/0/0/0/0/0/0/0/0 Lore% 56 Gallery% 46 Achievement% 30 Wizard Run 0 Options --------- Layout 1 ASCII 0 Keyboard 1 Movement Vi Keybinds 0 Fullscreen 2 Font 24/Terminus Map View 50x35 Zoom Use 0% Tactical HUD 1 Map Filters NONE Filters NONE Steam 1 RUN: 0a6ba77f-e0a5-4472-ad57-ec0f1486452d